 Dungeon Crawl Stone Soup version 0.17-a0-1838-g891d947 (webtiles) character file.

856 luca467 the Skirmisher (level 7, 0/56 HPs)
             Began as a Mummy Fighter on Sept 15, 2015.
             Was a Follower of Okawaru.
             Engulfed by a cloud of freezing vapour (12 damage)
             ... on level 5 of the Dungeon.
             The game lasted 00:20:55 (4132 turns).

luca467 the Skirmisher (Mummy Fighter)              Turns: 4132, Time: 00:20:56

Health: 0/56       AC: 12    Str: 21    XL:     7   Next: 70%
Magic:  7/7        EV:  4    Int:  8    God:    Okawaru [*.....]
Gold:   388        SH:  9    Dex: 11    Spells: 0 memorised, 6 levels left

rFire  x . .     SeeInvis .     h - +4 flail
rCold  + . .     Clarity  .     i - +0 plate armour
rNeg   + + +     SustAt   .     c - +0 shield
rPois  ∞         Gourm    .     (no helmet)
rElec  .         Spirit   .     g - +0 cloak
rCorr  .         Warding  .     (no gloves)
rMut   .         Stasis   .     (no boots)
MR     .....                    (no amulet)
Stlth  ..........               (no ring)
                                (no ring)

@: not resistant to hostile enchantments, extremely unstealthy
A: no food or potions, fire vulnerability, cold resistance 1, negative energy
resistance 3, torment resistance, unbreathing
a: Heroism, Renounce Religion


You were on level 5 of the Dungeon.
You worshipped Okawaru.
Okawaru was aware of your devotion.
You were not hungry.

You visited 1 branch of the dungeon, and saw 5 of its levels.

You collected 388 gold pieces.

Inventory:

Hand weapons
 a - a +0 flail
 h - a +4 flail (weapon)
Armour
 b - a +0 scale mail
 c - a +0 shield (worn)
 d - a +0 chain mail
 g - a +0 cloak (worn)
 i - a +0 plate armour (worn)
Jewellery
 o - an uncursed ring of wizardry
 p - a cursed ring of fire
Magical devices
 e - a wand of fire (8)
Scrolls
 f - 2 scrolls of blinking
 j - a scroll of identify
 k - 2 scrolls of immolation
 l - 4 scrolls of teleportation
 m - 3 scrolls of remove curse
 n - a scroll of magic mapping


   Skills:
 + Level 5.0 Fighting
 * Level 4.9 Maces & Flails
 + Level 3.9 Armour
 + Level 3.9 Shields


You had 6 spell levels left.
You didn't know any spells.

Dungeon Overview and Level Annotations

Branches:
Dungeon (5/15)
 Temple: D:4-7

Altars:
Ashenzari
Okawaru
Sif Muna
Vehumet
Zin


Innate Abilities, Weirdness & Mutations

You do not eat or drink.
Your flesh is vulnerable to fire.
You are immune to poison.
Your flesh is cold resistant.
You are immune to negative energy.
You are immune to unholy pain and torment.
You can survive without breathing.


Message History

Really walk into a travel-excluded area?
Uppercase [Y]es or [N]o only, please.
Really walk into a travel-excluded area?
You are engulfed in freezing vapours.
You resist.
You are engulfed in freezing vapours.
You resist.
You are engulfed in freezing vapours.
You resist.
You are engulfed in freezing vapours.
You resist.
You are engulfed in freezing vapours.
You resist.
You are engulfed in freezing vapours.
You resist.
* * * LOW HITPOINT WARNING * * *
You are engulfed in freezing vapours.
You resist.
* * * LOW HITPOINT WARNING * * *
Read which item? (? for menu, Esc to quit)
Blink to where?
Press: ? - help, Dir - move target cursor You can't see that place. [the floor.]
Okay, then.
You are engulfed in freezing vapours.
You resist.
You die...

...##§#)#.# #
######§#§#.# #
##§#§#.# # ##§#§#.#
##§#§#.############
##§#§#.#..........#
##§#§#.#.########.###
##§#§#.#.# #...#
##§#@#.#.# ###.#
##§#§#.#.# #..
##§#§#...# ###
##§#§##### ##§#§##
##§#§## ##.§§##
####### #######


There were no monsters in sight!

Vanquished Creatures
  A sky beast (D:5)
  An ice beast (D:5)
  An ogre (D:4)
  The ghost of splatsma the Poker, an average TeCK of Xom (D:3)
  A crimson imp (D:5)
  2 hounds (D:4)
  2 iguanas
  2 orc wizards
  Terence (D:3)
  4 worker ants
  3 hound skeletons
  4 adders
  3 gnolls (D:2)
  A shadow imp (D:5)
  An ooze (D:2)
  An adder skeleton (D:4)
  An adder zombie (D:5)
  3 worms
  3 giant geckos
  11 orcs
  A ball python (D:1)
  A giant cockroach (D:4)
  8 hobgoblins
  3 jackals (D:2)
  5 bats
  5 giant newts
  14 goblins
  6 kobolds
  A quokka skeleton (D:4)
  A quokka zombie (D:4)
  11 rats
103 creatures vanquished.

Vanquished Creatures (others)
  A crimson imp (D:5)
  A hound zombie (D:5)
2 creatures vanquished.

Grand Total: 105 creatures vanquished

Notes
Turn   | Place    | Note
--------------------------------------------------------------
     0 | D:1      | luca467 the Mummy Fighter began the quest for the Orb.
     0 | D:1      | Reached XP level 1. HP: 18/18 MP: 1/1
   209 | D:1      | Reached XP level 2. HP: 24/24 MP: 2/2
   877 | D:2      | Found a faded altar to an unknown god.
   933 | D:2      | Reached XP level 3. HP: 27/29 MP: 3/3
   985 | D:3      | Noticed splatsma's ghost (average TeCK)
  1306 | D:2      | Found a deep blue altar of Sif Muna.
  1551 | D:2      | Reached XP level 4. HP: 32/35 MP: 4/4
  2051 | D:3      | Found an iron altar of Okawaru.
  2083 | D:3      | Became a worshipper of Warmaster Okawaru
  2124 | D:3      | Killed splatsma's ghost
  2124 | D:3      | Reached XP level 5. HP: 20/42 MP: 5/5
  2354 | D:3      | Noticed Terence
  2382 | D:3      | Killed Terence
  2845 | D:4      | Reached skill level 4 in Fighting
  2889 | D:4      | Found a radiant altar of Vehumet.
  3006 | D:4      | Noticed an ogre
  3014 | D:4      | Reached XP level 6. HP: 45/48 MP: 6/6
  3032 | D:4      | Killed an ogre
  3462 | D:4      | Found a glowing silver altar of Zin.
  3521 | D:5      | Entered Level 5 of the Dungeon
  3559 | D:4      | Reached XP level 7. HP: 49/55 MP: 7/7
  3657 | D:5      | Found a shattered altar of Ashenzari.
  3739 | D:5      | Acquired Okawaru's first power
  3985 | D:5      | Reached skill level 5 in Fighting
  4132 | D:5      | Engulfed by a cloud of freezing vapour

Vault maps used:
D:1:      kilobyte_arrival_exit_the_forest
D:2:      lemuel_doored_altar, ecumenical_altar_1
D:3:      lemuel_crystal_altar, uniq_terence
D:4:      minmay_opposing_rooms, zin_academy, kennysheep_mini_moat
D:5:      lemuel_ice_spiral_2, nicolae_overflow_crystal_walls, bloody_trog,
          first_bread

Action                   |  1- 3 |  4- 6 |  7- 9 || total
-------------------------+-------+-------+-------++-------
Melee: Flail             |   158 |   198 |    59 ||   415
  Use: Scroll            |       |    10 |       ||    10
